 Dungeon Crawl Stone Soup version 0.18-a0-844-g9229740 (webtiles) character file.

1337 tof the Covered (level 8, -4/70 HPs)
             Began as a Minotaur Fighter on Dec 18, 2015.
             Was a Priest of Trog.
             Killed from afar by an electric eel (12 damage)
             ... with a bolt of electricity
             ... on level 6 of the Dungeon.
             The game lasted 00:27:59 (6187 turns).

tof the Covered (Minotaur Fighter)                  Turns: 6187, Time: 00:28:00

Health: -4/70      AC: 15    Str: 23      XL:     8   Next: 35%
Magic:  7/7        EV: 11    Int:  4 (5)  God:    Trog [***...]
Gold:   247        SH:  0    Dex: 12      Spells: 0 memorised, 7 levels left

rFire  . . .     SeeInvis .     w - +2 quarterstaff (chaos)
rCold  . . .     Gourm    .     q - +0 shadow dragon armour
rNeg   . . .     Faith    .     (shield currently unavailable)
rPois  .         Spirit   .     u - +1 hat
rElec  .         Dismiss  .     x - +0 cloak
rCorr  .         Reflect  .     (no gloves)
SustAt .         Harm     .     (no boots)
MR     .....                    (no amulet)
Stlth  ++........               m - +2 ring of strength
                                l - +1 ring of evasion

@: about to teleport, not resistant to hostile enchantments, unstealthy
A: retaliatory headbutt, horns 2, mutation resistance 1
a: Berserk, Trog's Hand, Burn Spellbooks, Renounce Religion


You were on level 6 of the Dungeon.
You worshipped Trog.
Trog was most pleased with you.
You were not hungry.

You visited 1 branch of the dungeon, and saw 6 of its levels.
You also visited: Sewer.

You collected 247 gold pieces.

Inventory:

Hand Weapons
 a - a +1 war axe
 k - a +0 mace of holy wrath
 t - a +1 halberd of chopping
 w - a +2 quarterstaff of chaos (weapon)
Armour
 b - a +0 scale mail
 c - a +0 shield
 q - a +0 shadow dragon armour (worn)
 u - a +1 hat (worn)
 x - a +0 cloak (worn)
Jewellery
 l - a +1 ring of evasion (left hand)
 m - a +2 ring of strength (right hand)
Wands
 y - a wand of invisibility (2)
Scrolls
 j - 5 scrolls of identify
 r - a scroll of remove curse
 s - a scroll of amnesia
 v - a scroll of fear
Potions
 d - a potion of might
 e - 5 potions of curing
 h - 4 potions of magic
 p - a potion of degeneration
Comestibles
 f - 5 bread rations
 g - 4 meat rations
 o - 2 slices of pizza


   Skills:
 + Level 6.1 Fighting
 + Level 5.1(5.3) Axes
 + Level 1.3(3.5) Maces & Flails
 + Level 1.0(3.4) Polearms
 + Level 0.2(1.2) Staves
 + Level 6.6 Armour
 + Level 4.3 Dodging
 + Level 2.7 Stealth
 + Level 6.1 Shields


You had 7 spell levels left.
You didn't know any spells.

Dungeon Overview and Level Annotations

Branches:
Dungeon (6/15)             Temple (0/1) D:4

Altars:
Ashenzari
Gozag
Nemelex Xobeh
Okawaru
Trog
Xom
Zin
The Shining One


Innate Abilities, Weirdness & Mutations

You reflexively headbutt those who attack you in melee.
You have a pair of horns on your head.
You are somewhat resistant to further mutation.


Message History

The electric eel shoots out a bolt of lightning at you!
The bolt of electricity hits you!
* * * LOW HITPOINT WARNING * * *
The bolt of electricity hits the plant.
You hear a distant slurping noise.
The electric eel shoots out a bolt of lightning at you!
The bolt of electricity misses you.
The bolt of electricity hits the plant.
Read which item? (? for menu, Esc to quit)
As you read the scroll of teleportation, it crumbles to dust.
You feel strangely unstable.
The electric eel shoots out a bolt of lightning at you!
The bolt of electricity hits you!
* * * LOW HITPOINT WARNING * * *
The bolt of electricity hits the plant.
The electric eel shoots out a bolt of lightning at you!
The bolt of electricity hits the electric eel.
The electric eel completely resists.
The bolt of electricity misses you.
The electric eel shoots out a bolt of lightning at you!
The bolt of electricity hits you!
You die...

≈≈≈P≈≈♣≈P♣≈#
≈≈≈≈≈≈≈≈≈≈P≈≈P≈≈≈≈♣♣
≈♣≈≈≈≈≈≈≈≈≈≈≈≈♣≈≈♣≈≈♣♣
≈≈≈≈≈≈≈≈≈≈≈≈≈≈≈≈≈♣PP≈♣♣
≈≈≈≈≈≈≈≈≈≈≈≈≈≈≈PP≈≈♣≈P♣ #
≈≈≈≈≈≈≈≈≈≈≈≈≈≈≈≈≈≈≈≈≈♣♣ ###
≈≈≈P≈≈≈≈≈≈≈≈≈≈≈P≈♣≈≈♣≈###..
≈≈≈≈≈≈≈;;≈≈≈≈≈≈≈≈≈≈≈≈......
≈P♣PP≈≈≈≈≈@≈≈≈≈≈≈PP≈#.#####
♣≈≈≈≈≈≈≈PPP≈≈♣≈≈♣♣###<# #
♣♣♣≈♣≈≈♣≈≈♣♣♣♣≈♣≈# #.# #
#≈≈P≈♣♣♣ ########.### #
##### #.......# # #.###.#.#
### ##.#.# ..<.##..#.###
..........##.


You could see 2 electric eels.

Vanquished Creatures
  An orc warrior (D:5)
  Purgy (Sewer)
  A centaur (D:5)
  A giant frog (D:3)
  3 electric eels (D:6)
  The ghost of Crishpax the Magician, a weakling DEWz of Vehumet (D:3)
  A worker ant (D:5)
  3 orc priests
  Crazy Yiuf (D:5)
  2 iguanas
  2 giant frog skeletons (D:4)
  2 hounds
  Ijyb (D:2)
  7 orc wizards
  Robin (D:2)
  10 gnolls
  9 adders
  A river rat (D:4)
  A shadow imp (D:5)
  3 worms
  3 giant geckos
  24 orcs
  5 ball pythons
  5 giant cockroaches
  12 goblins
  11 hobgoblins
  7 bats
  6 giant newts
  A jackal zombie (D:6)
  6 kobolds
  4 quokkas
  10 rats
146 creatures vanquished.

Vanquished Creatures (others)
  A giant gecko skeleton (D:6)
1 creature vanquished.

Grand Total: 147 creatures vanquished

Notes
Turn   | Place    | Note
--------------------------------------------------------------
     0 | D:1      | tof the Minotaur Fighter began the quest for the Orb.
     0 | D:1      | Reached XP level 1. HP: 19/19 MP: 0/0
   330 | D:1      | Reached XP level 2. HP: 21/27 MP: 1/1
   341 | D:1      | Reached skill level 4 in Fighting
   552 | D:2      | Found a shimmering altar of Xom.
   556 | D:2      | Noticed Robin
   562 | D:2      | Noticed Ijyb
   564 | D:2      | Reached XP level 3. HP: 18/33 MP: 2/2
   569 | D:2      | Killed Robin
   574 | D:2      | Killed Ijyb
   845 | D:2      | Reached XP level 4. HP: 41/41 MP: 3/3
  1060 | D:2      | Reached skill level 1 in Dodging
  1206 | D:2      | Found a glowing silver altar of Zin.
  1312 | D:2      | Found a faded altar to an unknown god.
  1323 | D:2      | Became a worshipper of Trog the Wrathful
  1323 | D:2      | Reached * piety under Trog
  1817 | D:3      | Noticed Crishpax's ghost (weakling DEWz)
  1828 | D:3      | Killed Crishpax's ghost
  1828 | D:3      | Reached XP level 5. HP: 30/47 MP: 4/4
  2087 | D:3      | Reached ** piety under Trog
  2161 | D:3      | Reached skill level 5 in Fighting
  2161 | D:3      | Reached skill level 5 in Armour
  2161 | D:3      | Reached XP level 6. HP: 50/56 MP: 5/5
  2380 | D:3      | Found a glowing golden altar of the Shining One.
  2906 | D:4      | Found a glowing drain.
  2919 | Sewer    | Entered a sewer
  2978 | Sewer    | Noticed Purgy
  2993 | Sewer    | Killed Purgy
  2993 | Sewer    | Reached skill level 1 in Stealth
  2993 | Sewer    | Reached skill level 5 in Shields
  2993 | Sewer    | Reached XP level 7. HP: 61/61 MP: 6/6
  3016 | Sewer    | Gained mutation: You have large cloven feet. [potion of mutation]
  3238 | D:4      | Reached *** piety under Trog
  3306 | D:4      | Found an iron altar of Okawaru.
  3359 | D:4      | Lost mutation: You have large cloven feet. [potion of cure mutation]
  3377 | D:4      | Gained mutation: You are somewhat resistant to further mutation. [potion of beneficial mutation]
  3660 | D:4      | Found a sparkling altar of Nemelex Xobeh.
  3706 | D:4      | Found a staircase to the Ecumenical Temple.
  3890 | D:5      | Entered Level 5 of the Dungeon
  3913 | D:5      | Found an opulent altar of Gozag.
  4270 | D:5      | Found a shattered altar of Ashenzari.
  4313 | D:5      | Reached skill level 5 in Axes
  4313 | D:5      | Reached skill level 6 in Armour
  4341 | D:5      | HP: 3/91 [orc warrior/trident (16)]
  4344 | D:5      | Reached skill level 1 in Maces & Flails
  4344 | D:5      | Reached XP level 8. HP: 3/70 MP: 7/7
  4846 | D:5      | Reached **** piety under Trog
  5011 | D:5      | Noticed Crazy Yiuf
  5014 | D:5      | Killed Crazy Yiuf
  5678 | D:6      | Reached skill level 1 in Polearms
  6187 | D:6      | Killed from afar by an electric eel

Vault maps used:
D:1:      evilmike_arrival_run_for_it, hangedman_decor_clover_reticule
D:2:      nicolae_overflow_hidden_temple, old_standard_altar,
          ecumenical_altar_2, uniq_iyjb, uniq_robin
D:3:      tso_altar
D:4:      kennysheep_little_box, nicolae_overflow_crystal_walls, temple_statues,
          gup_sewer_entry_spiral
D:5:      grunt_gozag_statues, old_standard_altar, first_bread,
          guppyfry_early_orc_mine, uniq_crazy_yiuf_cottage
D:6:      serial_bayou, serial_bayou_pond_a, serial_bayou_shore_b,
          serial_bayou_shore_b, serial_bayou_lake_a, basic_altar, st_stairs_9
Sewer:    sewer_co_purgy_island

Action                   |  1- 3 |  4- 6 |  7- 9 || total
-------------------------+-------+-------+-------++-------
Melee: War axe           |    45 |   184 |    28 ||   257
       Mace              |       |       |    90 ||    90
       Quarterstaff      |       |       |    16 ||    16
       Halberd           |       |       |    11 ||    11
Invok: Berserk           |       |     1 |     1 ||     2
  Use: Scroll            |     3 |     2 |     8 ||    13
       Potion            |     1 |     2 |     7 ||    10
 Stab: Sleeping          |       |     3 |    10 ||    13
  Eat: Chunk             |       |     8 |     9 ||    17
       Pizza             |       |       |     1 ||     1
       Beef jerky        |       |       |     1 ||     1
